Map: [ESL] Alcyone

Players

LiquidClem (Clem) - Winner!

  • Race: Terran Terran
  • League: Grandmaster
  • Spawn Location: 1:00

Oliveira

  • Race: Terran Terran
  • Spawn Location: 7:00

Event: Bellum Gens Elite Stara Zagora 2024

VOD

Have the link to the VOD?

Description

Time

  • Played on: Sept. 8, 2024, 1:38 p.m.
  • Length: 16:44

All games in this series

Show
View Real Time Build Order
Export as new Build Order

LiquidClem Terran - Winner!

Build Orders: Cyclone Opening 

Get SALT Encoding   

  12  0:00  SCV  
  13  0:13  SCV  
  14  0:16  Supply Depot  
  14  0:25  SCV  
  15  0:38  SCV  
  15  0:40  Barracks  
  16  0:42  Refinery  
  16  0:50  SCV  
  16  0:52  Refinery  
  17  1:02  SCV  
  18  1:14  SCV  
  19  1:27  Orbital Command, Reaper  
  19  1:31  Supply Depot  
  20  1:40  Factory  
  20  1:52  SCV  
  21  1:59  Reaper  
  22  2:04  SCV  
  23  2:15  Command Center  
  23  2:17  SCV  
  24  2:23  Hellion  
  24  2:29  SCV  
  27  2:33  Starport  
  27  2:38  Supply Depot  
  27  2:42  Barracks Reactor  
  27  2:45  SCV  
  27  2:50  Cyclone  
  30  2:57  SCV  
  30  3:10  SCV  
  30  3:19  Marine x2  
  30  3:22  SCV  
  30  3:24  Cyclone  
  30  3:29  Medivac  
  30  3:34  SCV  
  33  3:37  Marine x2  
  35  3:46  SCV  
  36  3:54  Orbital Command  
  36  3:57  Cyclone, Refinery, Marine x2  
  36  3:58  SCV  
  36  4:00  Starport Tech Lab  
  41  4:10  Supply Depot  
  41  4:11  SCV  
  41  4:15  Marine  
  43  4:18  Raven  
  43  4:19  Marine  
  43  4:23  SCV  
  43  4:24  SCV  
  48  4:35  SCV  
  48  4:37  SCV  
  44  4:40  Marine x2  
  45  4:45  Factory Tech Lab  
  45  4:46  Interference Matrix  
  45  4:47  SCV  
  45  4:49  SCV  
  47  4:53  Raven  
  47  4:54  Supply Depot  
  47  4:58  Marine x2  
  47  4:59  SCV  
  52  5:01  SCV  
  51  5:07  Siege Tank  
  51  5:11  SCV  
  51  5:13  SCV  
  56  5:26  SCV x2  
  56  5:28  Command Center  
  58  5:30  Raven  
  58  5:32  Marine  
  58  5:33  Marine  
  62  5:38  Supply Depot, SCV x2  
  64  5:44  Siege Tank  
  67  5:50  SCV x2  
  67  5:54  Barracks  
  69  5:57  Barracks  
  69  6:02  SCV x2  
  69  6:09  Supply Depot  
  69  6:10  Stimpack  
  68  6:14  SCV  
  68  6:15  Viking  
  68  6:16  Viking  
  68  6:17  Marine  
  75  6:18  SCV  
  75  6:26  SCV  
  75  6:30  SCV  
  77  6:38  Marine  
  72  6:40  SCV x2  
  72  6:47  Siege Tank  
  66  6:49  SCV  
  66  6:51  Barracks Reactor x2  
  66  6:53  Orbital Command  
  67  6:54  SCV  
  67  6:55  Viking  
  67  6:58  Marine  
  67  7:01  SCV  
  72  7:06  SCV  
  71  7:11  Viking  
  71  7:13  SCV  
  72  7:16  Marine  
  72  7:18  SCV, Refinery  
  72  7:20  SCV  
  75  7:25  SCV, Engineering Bay  
  75  7:26  Engineering Bay  
  75  7:28  Siege Tank  
  75  7:29  Marine  
  79  7:30  SCV, Marine  
  79  7:31  Marine  
  79  7:33  Marine  
  79  7:35  Marine  
  85  7:38  SCV  
  85  7:41  SCV  
  85  7:42  Viking  
  85  7:43  SCV  
  90  7:45  Viking  
  90  7:47  Supply Depot, Marine  
  90  7:50  SCV, Marine  
  95  7:53  SCV  
  95  7:54  Marine x2  
  95  7:55  SCV  
  99  7:59  Barracks  
  99  8:00  Combat Shield  
  99  8:02  SCV, Terran Infantry Weapons Level 1  
  100  8:05  SCV  
  100  8:07  Refinery  
  100  8:08  SCV  
  102  8:13  Terran Infantry Armor Level 1  
  102  8:14  SCV  
  102  8:17  Missile Turret, Barracks  
  102  8:19  SCV  
  104  8:20  SCV  
  104  8:21  Supply Depot  
  104  8:22  Refinery  
  104  8:24  Siege Tank  
  104  8:26  Supply Depot  
  108  8:28  Marine  
  109  8:37  Supply Depot, Missile Turret  
  109  8:42  SCV x3, Marine x3  
  109  8:43  Medivac  
  109  8:46  Supply Depot  
  109  8:48  Medivac  
  119  8:49  Marine  
  119  8:50  Supply Depot, Barracks Reactor  
  119  8:52  Marine  
  119  8:54  SCV x3  
  124  9:00  Marine x3  
  124  9:02  Siege Tank  
  130  9:04  Factory  
  130  9:06  SCV, Barracks Reactor  
  131  9:10  Command Center  
  131  9:13  Marine x2  
  131  9:14  Supply Depot  
  131  9:16  Medivac  
  135  9:18  Medivac  
  135  9:19  Supply Depot  
  135  9:20  Marine x2  
  139  9:25  Supply Depot, Marine  
  139  9:26  Marine  
  139  9:29  Armory  
  141  9:32  Marine  
  141  9:33  Marine  
  141  9:36  Siege Tank  
  141  9:38  Marine x2  
  148  9:39  Barracks Reactor  
  148  9:43  Marine x2  
  148  9:44  Marine x2  
  148  9:45  Supply Depot  
  151  9:46  SCV  
  151  9:50  Marine x2  
  154  9:55  Marine  
  154  9:56  Marine, Medivac x2  
  159  10:01  Marine x2  
  159  10:02  Marine x2  
  163  10:08  Siege Tank, Marine x2  
  163  10:11  Siege Tank  
  163  10:13  Marine x2  
  173  10:19  Marine x2  
  175  10:23  SCV  
  175  10:24  Marine x3  
  175  10:26  SCV, Viking  
  183  10:34  Sensor Tower, Viking  
  185  10:36  Refinery x2, Terran Infantry Armor Level 2  
  185  10:37  Terran Infantry Weapons Level 2  
  185  10:41  SCV, Terran Vehicle Weapons Level 1  
  185  10:42  SCV  
  186  10:43  Marine x2  
  186  10:45  Marine  
  186  10:47  Marine  
  190  10:54  Sensor Tower  
  190  10:55  Planetary Fortress  
  190  10:56  Viking  
  190  10:57  Marine x3  
  191  10:58  SCV  
  191  11:01  SCV  
  196  11:19  Starport x2  
  196  11:21  Supply Depot  
  196  11:23  Command Center  
  196  11:27  Missile Turret  
  196  11:36  Supply Depot  
  196  11:39  Marine  
  196  11:41  Marine  
  196  11:42  Viking x2  
  200  11:56  Starport Tech Lab  
  200  11:57  Starport Tech Lab  
  200  11:58  Starport  
  200  12:02  Armory  
  200  12:08  Marine  
  200  12:09  Siege Tank x2  
  200  12:15  Marine  
  200  12:20  Marine  
  198  12:25  Marine  
  179  12:35  Marine  
  179  12:36  Marine x7  
  170  12:37  Raven x2, Starport Tech Lab  
  170  12:38  Marine, Starport Reactor  
  170  12:39  Viking x2  
  170  12:41  Siege Tank x2  
  170  12:43  Marine  
  178  12:44  Terran Vehicle Weapons Level 2  
  178  12:52  Command Center  
  178  12:53  Marine x3  
  178  12:54  Marine  
  178  12:56  Marine x2  
  184  13:04  Missile Turret  
  184  13:05  Unknown  
  184  13:07  Marine  
  184  13:13  Siege Tank x2  
  184  13:14  Marine x4  
  184  13:15  Terran Infantry Armor Level 3, Terran Infantry Weapons Level 3  
  184  13:18  Marine  
  184  13:19  Marine  
  155  13:21  Marine x3  
  155  13:25  Viking x3  
  145  13:27  Raven  
  145  13:31  Planetary Fortress  
  145  13:32  Marine  
  145  13:33  Marine x3  
  146  13:35  SCV x2  
  146  13:37  SCV  
  149  13:44  Marine  
  149  13:45  Siege Tank x2, Marine x5  
  159  13:48  Raven  
  159  13:50  Marine  
  159  13:51  Marine x2  
  159  13:53  Marine  
  162  13:56  SCV  
  162  13:59  Viking  
  162  14:02  Marine  
  165  14:03  Marine  
  165  14:04  Orbital Command, Marine  
  165  14:05  Marine  
  169  14:10  Terran Vehicle And Ship Armor Level 1  
  169  14:12  Raven, Viking  
  169  14:13  Viking  
  169  14:16  Viking  
  177  14:17  Siege Tank x2  
  177  14:20  Marine x2  
  177  14:22  Viking  
  187  14:25  Marine x5  
  187  14:26  Marine x3  
  195  14:33  Starport  
  195  14:38  Marine x2  
  197  14:43  Marine  
  197  14:44  Marine  
  189  14:47  Raven  
  189  14:49  Siege Tank  
  189  14:50  Siege Tank  
  189  14:52  Viking  
  199  14:58  Marine  
  178  15:08  Marine x8  
  178  15:11  Raven  
  178  15:12  Marine  
  161  15:16  Marine  
  161  15:19  Viking x2  
  161  15:20  Starport Reactor  
  161  15:21  Raven, Siege Tank  
  168  15:22  Siege Tank  
  168  15:25  Marine x3  
  168  15:26  Marine x3  
  180  15:29  Command Center  
  180  15:33  Marine x2  
  180  15:34  Marine x2  
  184  15:36  Liberator  
  187  15:43  Marine x3  
  187  15:45  Marine x2, Barracks  
  187  15:46  Raven, Barracks  
  187  15:47  Barracks  
  194  15:53  Siege Tank  
  194  15:54  Siege Tank  
  196  16:05  Marine x2  
  196  16:08  Marine x3  
  196  16:09  Marine  
  199  16:12  Marine  
  200  16:24  Marine x3  
Show
View Real Time Build Order
Export as new Build Order

Oliveira Terran 

Build Orders: Cyclone Opening 

Get SALT Encoding   

  12  0:00  SCV  
  13  0:12  SCV  
  14  0:17  Supply Depot  
  14  0:24  SCV  
  15  0:38  SCV  
  15  0:40  Barracks  
  16  0:44  Refinery  
  16  0:51  SCV  
  16  0:55  Refinery  
  17  1:03  SCV  
  18  1:15  SCV  
  19  1:28  Orbital Command, Reaper  
  19  1:30  Supply Depot  
  20  1:42  Factory  
  20  1:53  SCV  
  21  2:00  Reaper  
  22  2:05  SCV  
  23  2:16  Command Center  
  23  2:18  SCV  
  24  2:27  Cyclone  
  26  2:31  SCV  
  26  2:37  Starport  
  27  2:43  SCV  
  28  2:47  Supply Depot  
  28  2:50  Barracks Reactor  
  28  2:55  SCV  
  28  2:59  Cyclone  
  30  3:15  Medivac  
  29  3:22  SCV  
  28  3:27  Marine x2  
  28  3:30  Supply Depot  
  28  3:31  Cyclone  
  32  3:34  SCV  
  32  3:45  Marine x2  
  32  3:47  Starport Tech Lab  
  34  3:54  SCV  
  35  4:03  Orbital Command, Marine x2  
  35  4:04  Factory Tech Lab  
  35  4:06  Raven  
  35  4:09  SCV  
  40  4:12  Interference Matrix, Refinery  
  40  4:20  Marine x2  
  40  4:21  SCV  
  42  4:31  Siege Tank  
  42  4:42  SCV  
  42  4:43  SCV  
  42  4:46  Marine x2  
  44  4:54  SCV  
  44  4:55  Raven, SCV  
  48  5:06  SCV  
  49  5:07  SCV  
  49  5:11  Siege Tank  
  53  5:19  SCV  
  53  5:20  SCV  
  55  5:27  Command Center  
  55  5:31  SCV  
  55  5:35  SCV  
  57  5:44  Viking x2  
  57  5:47  SCV  
  62  5:50  Supply Depot  
  62  5:53  Stimpack  
  62  6:12  SCV x2, Marine, Siege Tank  
  62  6:15  Supply Depot  
  62  6:16  Viking  
  70  6:36  SCV x2, Marine, Viking  
  69  6:46  Viking  
  60  6:49  Siege Tank, SCV x2  
  60  6:50  Orbital Command  
  60  6:54  Barracks  
  65  6:55  Barracks  
  65  7:00  Marine  
  66  7:01  SCV  
  66  7:05  SCV  
  66  7:14  SCV  
  69  7:17  SCV, Refinery  
  69  7:18  Orbital Command  
  69  7:22  Barracks  
  70  7:24  Barracks  
  70  7:26  SCV  
  70  7:28  Engineering Bay x2  
  70  7:29  SCV  
  69  7:34  Siege Tank  
  69  7:35  Combat Shield  
  72  7:38  SCV, Marine  
  72  7:41  SCV  
  72  7:43  SCV  
  76  7:45  Barracks Reactor  
  76  7:46  Barracks Reactor  
  76  7:50  SCV  
  77  7:53  SCV  
  77  7:54  Terran Infantry Weapons Level 1, Terran Infantry Armor Level 1  
  77  7:55  Supply Depot, SCV  
  77  7:56  Marine  
  80  8:02  SCV, Viking x2  
  80  8:05  SCV  
  86  8:07  SCV  
  86  8:11  Command Center  
  87  8:14  SCV  
  87  8:15  Barracks Reactor x2  
  87  8:17  SCV  
  90  8:20  SCV, Refinery  
  90  8:21  Refinery  
  90  8:26  SCV, Marine x2  
  93  8:27  Siege Tank  
  93  8:29  SCV  
  93  8:30  Supply Depot  
  93  8:32  SCV  
  98  8:36  Marine x2  
  98  8:38  SCV  
  101  8:45  Supply Depot  
  101  8:50  Armory  
  101  8:51  SCV x2, Viking x2  
  101  8:53  Supply Depot  
  101  8:54  SCV  
  108  8:58  Marine  
  109  9:05  Supply Depot  
  109  9:07  Siege Tank, Marine x2, SCV x2  
  109  9:08  Marine  
  109  9:09  Supply Depot  
  117  9:14  Marine x2  
  119  9:18  Marine, Factory  
  120  9:25  Marine, Sensor Tower, Barracks Reactor  
  120  9:26  Medivac x2  
  120  9:27  SCV x2  
  120  9:30  SCV  
  128  9:36  Supply Depot  
  128  9:38  Marine x2  
  130  9:40  Marine  
  130  9:41  Marine x3  
  130  9:42  Siege Tank  
  130  9:43  SCV  
  138  9:46  Supply Depot  
  138  9:48  Planetary Fortress  
  138  9:50  Terran Infantry Weapons Level 2  
  137  9:54  Supply Depot  
  137  9:56  Marine  
  137  9:58  Terran Infantry Armor Level 2  
  138  10:00  Marine  
  138  10:01  Marine, Missile Turret  
  138  10:02  Supply Depot  
  138  10:04  Marine x2  
  138  10:05  SCV  
  138  10:06  Marine  
  144  10:08  SCV  
  144  10:09  Marine x2  
  144  10:11  SCV  
  148  10:14  Siege Tank  
  148  10:16  Terran Vehicle Weapons Level 1  
  148  10:18  Marine  
  148  10:20  Marine  
  148  10:21  Marine x2  
  154  10:26  Siege Tank  
  158  10:30  Marine, Missile Turret  
  158  10:31  Marine  
  158  10:32  Medivac  
  158  10:33  Missile Turret  
  162  10:36  Missile Turret  
  162  10:37  Supply Depot, Medivac  
  162  10:40  Marine  
  162  10:42  Marine  
  166  10:45  Marine  
  166  10:46  Sensor Tower  
  166  10:47  Marine  
  166  10:49  Siege Tank  
  171  10:51  Marine  
  171  10:55  Marine  
  172  11:00  Marine  
  173  11:04  Marine  
  173  11:07  Marine  
  173  11:11  Marine  
  168  11:14  Marine x2  
  168  11:15  Marine x2  
  168  11:16  Siege Tank  
  174  11:19  Refinery  
  174  11:20  Refinery  
  174  11:21  Marine  
  174  11:22  Marine  
  174  11:23  Siege Tank, Command Center  
  179  11:26  Starport x2  
  179  11:27  Marine  
  179  11:30  Marine  
  179  11:31  Marine  
  182  11:37  Viking  
  184  11:40  Viking  
  184  11:41  Marine  
  184  11:44  Marine  
  184  11:46  Marine  
  189  11:53  Command Center  
  189  11:54  Supply Depot, Marine  
  189  11:56  Sensor Tower  
  189  11:58  Marine  
  190  12:04  Marine  
  190  12:07  Siege Tank  
  194  12:08  Starport Tech Lab x2  
  194  12:10  Siege Tank  
  194  12:15  Marine  
  189  12:17  Marine  
  189  12:21  Marine  
  189  12:26  Marine  
  189  12:29  Marine  
  189  12:36  Marine x2  
  179  12:38  Marine x2  
  179  12:39  Siege Tank  
  179  12:40  Starport Tech Lab  
  179  12:41  Marine  
  179  12:43  SCV x2  
  184  12:46  Marine  
  184  12:48  Raven, Siege Tank  
  189  12:51  Terran Infantry Armor Level 3, Terran Infantry Weapons Level 3  
  189  12:52  Terran Vehicle Weapons Level 2  
  189  12:55  Medivac x2  
  192  13:02  Missile Turret  
  192  13:03  Missile Turret  
  192  13:04  Marine  
  190  13:15  Marine x2  
  190  13:16  Siege Tank  
  190  13:17  Marine x3  
  132  13:20  Marine  
  132  13:22  Siege Tank, Marine  
  132  13:24  Marine x2  
  132  13:26  Viking x2  
  139  13:31  Raven  
  139  13:33  Raven  
  138  13:36  SCV x2  
  138  13:38  Orbital Command  
  138  13:44  Marine x4  
  138  13:45  Marine  
  138  13:47  Marine  
  144  13:53  Marine x3  
  144  13:57  Viking  
  144  13:58  SCV, Viking  
  144  14:00  SCV  
  147  14:03  SCV x2  
  147  14:06  Raven  
  151  14:11  Raven  
  151  14:15  Marine x4  
  158  14:17  Marine x4  
  158  14:21  Marine  
  162  14:34  Planetary Fortress  
  162  14:36  SCV  
  154  14:43  Raven, Viking x2  
  154  14:44  Siege Tank x2, Marine  
  163  14:48  Marine x2  
  163  14:52  Raven  
  158  15:02  Marine  
  158  15:06  SCV  
  129  15:12  SCV x2, Marine x3  
  116  15:14  Marine x2  
  116  15:15  SCV x2  
  116  15:16  SCV  
  116  15:18  SCV  
  116  15:20  Marine  
  123  15:21  Marine  
  123  15:23  Raven  
  123  15:25  Marine x3  
  123  15:28  Raven  
  131  15:33  Marine x2  
  131  15:36  Marine  
  131  15:37  Marine  
  131  15:38  Marine  
  131  15:40  Medivac  
  131  15:41  SCV x2  
  139  15:42  SCV  
  139  15:44  SCV  
  140  15:51  Viking  
  140  15:52  Marine x4  
  140  15:54  SCV  
  147  16:03  Marine  
  142  16:09  Marine  
  141  16:11  Viking  
  141  16:12  Marine  
  141  16:15  Marine  
  141  16:18  SCV  
  146  16:20  Marine  
  146  16:21  Marine  
  146  16:23  Marine  
Tags
 
Add a new tag
Caveats
  • Supply blocks, unpowered buildings, or Contaminate may cause inaccurate times.
  • Supply counts are checked every 10 seconds.